 Dungeon Crawl Stone Soup version 0.28.0-1-gb440e238dd (webtiles) character file.

Game seed: 1414561242386912770

15189 pkoi the Grappler (level 11, -6/84 HPs)
             Began as a Black Draconian Monk on Feb 22, 2022.
             Was a Priest of Sif Muna.
             Mangled by a seven-headed hydra (10 damage)
             ... on level 3 of the Lair of Beasts.
             The game lasted 00:31:50 (17845 turns).

pkoi the Grappler (Black Draconian Monk)           Turns: 17845, Time: 00:31:51

Health: -6/84      AC: 11    Str: 14    XL:     11   Next: 98%
Magic:  5/19       EV: 14    Int: 15    God:    Sif Muna [***...]
Gold:   774        SH:  5    Dex: 13    Spells: 12/21 levels left

rFire   . . .      SeeInvis +     - Unarmed
rCold   . . .      Faith    .   (no shield)
rNeg    . . .      Spirit   .   (armour unavailable)
rPois   .          Reflect  +   (helmet restricted)
rElec   +          Harm     .   y - +0 cloak
rCorr   .          Rampage  .   e - +2 pair of gloves
Will    .....                   (no boots)
Stlth   ++........              g - amulet of reflection
HPRegen 0.24/turn               o - ring of see invisible
MPRegen 0.16/turn               (no ring)

@: studying 2 skills
A: breathe lightning, AC +7, unfitting armour, electricity resistance,
cold-blooded
a: Breathe Lightning, Renounce Religion, Channel Magic, Forget Spell


You were on level 3 of the Lair of Beasts.
You worshipped Sif Muna.
Sif Muna was most pleased with you.
You visited 3 branches of the dungeon, and saw 12 of its levels.
You also visited: Ossuary.

You collected 774 gold pieces.

Inventory:

Hand Weapons
 b - a +3 whip of electrocution
 r - a +0 dagger of venom
Missiles
 i - 14 boomerangs of dispersal
 t - 3 throwing nets
 v - 2 datura-tipped darts
Armour
 e - a +2 pair of gloves (worn)
 y - a +0 cloak (worn)
Magical Staves
 C - a staff of fire
Jewellery
 d - an amulet of faith
 g - an amulet of reflection (around neck)
 o - a ring of see invisible (left hand)
 s - a +4 ring of evasion
 u - a ring of poison resistance
Wands
 w - a wand of mindburst (26)
 x - a wand of digging (9)
 A - a wand of iceblast (12)
Scrolls
 a - 3 scrolls of teleportation
 c - 6 scrolls of fog
 l - a scroll of identify
 m - a scroll of summoning
 p - 3 scrolls of enchant weapon
 q - 3 scrolls of blinking
Potions
 f - 2 potions of heal wounds
 h - a potion of might
 j - 3 potions of haste
 k - 2 potions of flight
 n - 6 potions of curing
 z - a potion of invisibility
 B - a potion of berserk rage
 D - 5 potions of ambrosia


   Skills:
 - Level 4.0 Fighting
 - Level 6.0 Dodging
 - Level 1.7 Stealth
 * Level 13.0 Unarmed Combat
 + Level 5.9 Spellcasting
 - Level 6.0 Conjurations
 + Level 5.0 Hexes
 + Level 10.0 Fire Magic
 + Level 5.2 Invocations


You had 12 spell levels left.
You knew the following spells:

 Your Spells              Type           Power      Damage    Failure   Level
a - Scorch                Fire           68%        2d8       1%          2
b - Flame Wave            Conj/Fire      28%        2d8       5%          4
c - Confusing Touch       Hex            19%        N/A       5%          3

Your spell library contained the following spells:

 Spells                   Type           Power      Damage    Failure   Level
 Magic Dart               Conj           88%        1d7       1%          1
 Slow                     Hex            76%        N/A       1%          1
 Stone Arrow              Conj/Erth      26%        3d8       13%         3
 Animate Skeleton         Necr           8%         N/A       16%         1
 Pain                     Necr           16%        1d4       16%         1
 Mephitic Cloud           Conj/Pois/Air  10%        N/A       21%         3
 Call Imp                 Summ           4%         N/A       22%         2
 Corpse Rot               Necr/Air       8%         N/A       22%         2
 Vampiric Draining        Necr           4%         2d6       41%         3
 Irradiate                Conj/Tmut      6%         3d15      77%         5
 Agony                    Necr           4%         N/A       99%         5
 Blade Hands              Tmut           2%         N/A       99%         5
 Summon Cactus Giant      Summ           2%         N/A       100%        6
 Dragon Form              Tmut           2%         N/A       100%        7
 Borgnjor's Revivificati  Necr           2%         N/A       100%        8
 Lehudib's Crystal Spear  Conj/Erth      6%         10d3      100%        8
 Animate Armour           Summ/Erth      Unusable   N/A       N/A         4

Dungeon Overview and Level Annotations

Branches:
Dungeon (8/15)             Temple (1/1) D:5            Lair (3/6) D:8
 Spider (0/4) Lair:3      Ossuary (visited)
  Swamp: Lair:2-4    Shoals: Lair:2-4

Altars:
Ashenzari
Cheibriados
Dithmenos
Elyvilon
Fedhas
Gozag
Hepliaklqana
Kikubaaqudgha
Makhleb
Nemelex Xobeh
Okawaru
Qazlal
Ru
Sif Muna
Trog
Uskayaw
Vehumet
Wu Jian
Xom
Yredelemnul
Zin
The Shining One

Shops:
D:2 :   D:3 (([=

Annotations:
D:7 2 transporters, 1 runed translucent door, dropkickpikachu's ghost, novice TrFi


Innate Abilities, Weirdness & Mutations

You can breathe wild blasts of lightning.
Your glossy black scales are hard. (AC +7)
You cannot fit into any form of body armour.
You are resistant to electric shocks. (rElec)
You are cold-blooded and may be slowed by cold attacks.


Message History

The flame wave engulfs the jumping spider!
The jumping spider is heavily wounded.
You finish channelling waves of flame.
You block the jumping spider's attack.
The jumping spider bites you but does no damage.
The seven-headed hydra bites you!
* * * LOW HITPOINT WARNING * * *
The seven-headed hydra bites you but does no damage.
The seven-headed hydra bites you.
* * * LOW HITPOINT WARNING * * *
The seven-headed hydra closely misses you.
The seven-headed hydra bites you but does no damage.
The seven-headed hydra bites you.
* * * LOW HITPOINT WARNING * * *
The seven-headed hydra bites you.
* * * LOW HITPOINT WARNING * * *
Unknown command.
Casting: Scorch (safe; 1% risk of failure)
Press: ? - help, Q - select action, (/) - cycle Dir - look around, f - activate
Okay, then.
Unknown command.
Casting: Scorch (safe; 1% risk of failure)
Confirm with . or Enter, or press ? or * to list all spells.
Casting: Flame Wave (dangerous; 5% risk of failure)
Press: ? - help, Dir - look around, f - activate A wave of flame ripples out!
The flame wave engulfs the seven-headed hydra!
The seven-headed hydra is burned terribly!
The seven-headed hydra is almost dead.
The flame wave engulfs the jumping spider.
The jumping spider is severely wounded. (Press . to intensify the flame waves.)
The jumping spider pounces on you!
* * * LOW HITPOINT WARNING * * *
The jumping spider misses you. The seven-headed hydra bites you!
* * * LOW HITPOINT WARNING * * *
The seven-headed hydra bites you.
* * * LOW HITPOINT WARNING * * *
The seven-headed hydra completely misses you.
The seven-headed hydra bites you!
You die...

#>........^..°#^#.###..#
#.......°..# .^ #^...##
#).##.# # #..#..#
#....### ##.####
###....# ###P'.P##
####.#### #.......#
#.......# ##.#...###
##...D...#####.....'..
#P...@...#...+.#......
#.....s...<#.#.....P..
##.........#####...##.
#.......### #.#.#.#
#####..## #.##### #...##
#. ####..#.# ..
###.....#.# #.........##


You could see a seven-headed hydra (combustible) and a jumping spider.

Vanquished Creatures
  2 hydras
  Harold (D:7)
  3 death yaks
  Pikel (D:7)
  Joseph (D:7)
  8 cane toads
  A komodo dragon (Lair:3)
  A freezing wraith (D:8)
  A polar bear (D:8)
  A queen bee (Lair:3)
  2 wyverns
  A basilisk (Lair:2)
  11 yaks
  3 steam dragons
  6 water moccasins
  Duvessa (D:5)
  An orc warrior (D:8)
  An ice beast (D:5)
  A sky beast (D:7)
  A necrophage (D:4)
  3 black bears
  10 wolves (Lair:1)
  An ogre (D:6)
  2 centaurs (D:7)
  2 lemures (D:7)
  2 kobold brigands
  7 bullfrogs
  An elf zombie (Ossuary)
  A gnoll sergeant (D:6)
  Dowan (D:5)
  3 jellies
  11 killer bees (Lair:3)
  8 howler monkeys
  An electric eel (Lair:2)
  2 centaur zombies
  A bullfrog zombie (D:5)
  2 human zombies (Ossuary)
  4 hounds
  Crazy Yiuf (D:3)
  2 bullfrog skeletons
  2 orc priests (D:6)
  4 iguanas
  13 orc wizards
  Natasha (thrice) (D:3)
  2 mummies (Ossuary)
  A howler monkey zombie (D:8)
  A howler monkey skeleton (D:7)
  8 gnolls
  4 adders
  2 white imps
  An ufetubus (D:4)
  An adder skeleton (D:4)
  2 worms
  3 dart slugs
  36 orcs
  6 bats
  6 endoplasms
  5 giant cockroaches
  3 gnoll zombies (Ossuary)
  5 goblins
  9 hobgoblins
  4 quokkas
  3 ball pythons
  5 frilled lizards
  A goblin zombie (Ossuary)
  4 hobgoblin zombies (Ossuary)
  19 kobolds
  3 orc zombies (Ossuary)
  6 rats
275 creatures vanquished.

Vanquished Creatures (others)
  11 fungi
  23 plants
34 creatures vanquished.

Grand Total: 309 creatures vanquished

Notes
Turn   | Place    | Note
-------+----------+-------------------------------------------
     0 | D:1      | pkoi the Draconian Monk began the quest for the Orb.
     0 | D:1      | Reached XP level 1. HP: 19/19 MP: 1/1
   170 | D:1      | Reached XP level 2. HP: 19/26 MP: 2/2
   457 | D:1      | Reached skill level 4 in Unarmed Combat
   597 | D:2      | Found Luny's Book Shop.
   600 | D:2      | Reached XP level 3. HP: 25/31 MP: 3/3
  1004 | D:2      | Reached XP level 4. HP: 33/38 MP: 4/4
  1313 | D:3      | Found Emigoh's Antique Armour Emporium.
  1315 | D:3      | Reached skill level 5 in Unarmed Combat
  1559 | D:3      | Noticed Natasha
  1563 | D:3      | Killed Natasha
  1564 | D:3      | Reached XP level 5. HP: 45/45 MP: 5/5
  1726 | D:3      | Reached skill level 6 in Unarmed Combat
  1889 | D:3      | Found Teolocak's Jewellery Shop.
  1994 | D:3      | Noticed Natasha
  2006 | D:3      | Killed Natasha
  2085 | D:3      | Found Dir Jiba's Antique Weapon Shoppe.
  2088 | D:3      | Found Adecily's Distillery.
  2106 | D:3      | Found Etturgh's Weapon Shop.
  2173 | D:3      | Found a runed translucent door.
  2173 | D:3      | Noticed Natasha
  2174 | D:3      | Noticed Crazy Yiuf
  2307 | D:4      | Identified a scroll of acquirement
  2390 | D:4      | Noticed a black bear
  2403 | D:4      | Killed a black bear
  2404 | D:4      | Reached XP level 6. HP: 47/51 MP: 6/6
  2418 | D:4      | Found a sand-covered staircase.
  2425 | Ossuary  | Entered an ossuary
  2472 | Ossuary  | Reached skill level 7 in Unarmed Combat
  2966 | D:4      | Noticed a water moccasin
  2982 | D:4      | Killed a water moccasin
  2983 | D:4      | Your scales start taking on a glossy black colour.
  2983 | D:4      | Reached XP level 7. HP: 50/59 MP: 7/7
  2983 | D:4      | Gained mutation: You are resistant to electric shocks.
                  | (rElec) [Black Draconian growth]
  3030 | D:4      | Acquired a manual of Fire Magic
  3035 | D:4      | Learned a level 2 spell: Scorch
  3040 | D:4      | Learned a level 4 spell: Flame Wave
  3067 | D:4      | Reached skill level 1 in Fire Magic
  3219 | D:4      | Reached skill level 1 in Conjurations
  3465 | D:4      | Reached skill level 1 in Spellcasting
  3565 | D:4      | Reached skill level 8 in Unarmed Combat
  3708 | D:5      | Entered Level 5 of the Dungeon
  3903 | D:5      | Reached XP level 8. HP: 45/66 MP: 8/10
  4143 | D:5      | Found a basalt altar of Yredelemnul.
  4233 | D:5      | Noticed Duvessa
  4243 | D:5      | Learned a level 3 spell: Confusing Touch
  4985 | D:5      | Noticed Dowan
  5106 | D:5      | Killed Duvessa
  5107 | D:5      | Reached skill level 1 in Hexes
  5293 | D:5      | Killed Dowan
  5480 | D:5      | Found a staircase to the Ecumenical Temple.
  5909 | D:6      | Reached skill level 9 in Unarmed Combat
  6076 | D:6      | Reached skill level 5 in Fire Magic
  6496 | D:6      | Identified the +1 ring mail "Bihities" {Will+ Str+3}
  6508 | D:6      | Reached XP level 9. HP: 54/71 MP: 13/13
  7643 | D:7      | Noticed Joseph
  7712 | D:7      | Found a transporter.
  7728 | D:7      | Noticed a kobold demonologist
  7789 | D:7      | Found a transporter.
  7809 | D:7      | Noticed Harold
  7860 | D:7      | Noticed dropkickpikachu's ghost (novice TrFi)
  7862 | D:7      | Noticed Pikel
  7901 | D:7      | Killed Pikel
  7902 | D:7      | Reached skill level 10 in Unarmed Combat
  8266 | D:7      | Found a runed translucent door.
  8484 | D:7      | HP: 2/106 [Harold (15)]
  8485 | D:7      | Killed Harold
  8911 | D:7      | Reached XP level 10. HP: 72/78 MP: 15/15
  9401 | D:8      | Reached skill level 11 in Unarmed Combat
  9599 | D:8      | Noticed a death knight
  9840 | D:8      | Reached skill level 5 in Conjurations
 10147 | D:3      | Killed Crazy Yiuf
 10154 | D:3      | Killed Natasha
 10330 | Temple   | Entered the Ecumenical Temple
 10599 | Temple   | Became a worshipper of Sif Muna the Loreminder
 10599 | Temple   | Reached * piety under Sif Muna
 10599 | Temple   | Reached ** piety under Sif Muna
 10677 | D:7      | Killed Joseph
 10970 | D:8      | Found a staircase to the Lair.
 10989 | D:8      | Reached skill level 1 in Invocations
 11055 | Lair:1   | Entered Level 1 of the Lair of Beasts
 11065 | Lair:1   | Noticed a cane toad
 11129 | D:8      | Killed a cane toad
 11381 | D:8      | Reached skill level 5 in Dodging
 11432 | Lair:1   | Noticed a cane toad
 11452 | D:8      | Killed a cane toad
 12153 | Lair:1   | Noticed a five-headed hydra
 12162 | Lair:1   | Killed a five-headed hydra
 12452 | Lair:1   | Noticed a cane toad
 12478 | Lair:1   | Killed a cane toad
 12479 | Lair:1   | Reached XP level 11. HP: 84/84 MP: 15/18
 13101 | Lair:1   | Reached skill level 12 in Unarmed Combat
 13584 | Lair:1   | Reached skill level 5 in Spellcasting
 15382 | Lair:2   | Noticed a death yak
 15390 | Lair:2   | Noticed a death yak
 15398 | Lair:2   | Noticed a death yak
 15421 | Lair:1   | Killed a death yak
 15686 | Lair:1   | Killed a death yak
 16210 | Lair:2   | Killed a death yak
 16211 | Lair:2   | Reached skill level 10 in Fire Magic
 16736 | Lair:3   | Got Remn's Incunabulum of Darkness
 16953 | Lair:3   | Noticed a five-headed hydra
 16964 | Lair:3   | Killed a five-headed hydra
 17085 | Lair:3   | Found a hole to the Spider Nest.
 17131 | Lair:3   | Reached skill level 5 in Invocations
 17347 | Lair:3   | Noticed a seven-headed hydra
 17396 | Lair:3   | Reached skill level 5 in Hexes
 17398 | Lair:3   | Reached *** piety under Sif Muna
 17721 | Lair:3   | Reached skill level 13 in Unarmed Combat
 17845 | Lair:3   | HP: 4/84 [seven-headed hydra (1)]
 17845 | Lair:3   | Mangled by a seven-headed hydra

Illustrated notes

Levels and vault maps discovered:
D:1:      dpeg_arrival_pond, layout_rooms
D:2:      layout_loops_ring, serial_shops, shop_statue
D:3:      layout_rooms, serial_shops, shop_fountains, nicolae_shop_stone, shop,
          nicolae_shop_behind_doors, shop, kennysheep_generic_room_8,
          uniq_natasha, uniq_crazy_yiuf_cottage
D:4:      layout_basic, chequers_ossuary_entry_cave, kennysheep_potato
D:5:      layout_basic, old_standard_altar,
          minmay_temple_entry_drinking_statues, uniq_duvessa
D:6:      layout_gridville
D:7:      gammafunk_wand_slinger, layout_loops_ring,
          hellmonk_ghost_happy_afterlife, hellmonk_bongcloud_opening,
          moated_statue, uniq_harold, uniq_joseph, uniq_pikel
D:8:      layout_loops_ring, dpeg_oklobed_lair, columned_hall_lemuel,
          minmay_unpleasant_kobolds
Temple:   roderic_octagonal_lattice_temple
Lair:1:   wander_river, layout_cave_pods, infiniplex_staircase_pool_2
Lair:2:   layout_gridlike
Lair:3:   layout_roguey, skrybe_swamp_entry_bodies, spider_nest_entry_rubble,
          special_room [special_room_bee]

Skill      XL: |  1  2  3  4  5  6  7  8  9 10 11 |
---------------+----------------------------------+-----
Unarmed Combat | 4 5 6 7 8 9 10 11 13 | 13.0
Dodging        | 3 4 5 6 |  6.0
Fighting       | 4 |  4.0
Fire Magic     | 2 5 7 9 10 | 10.0
Conjurations   | 1 2 4 5 6 |  6.0
Spellcasting   | 1 3 4 5 |  5.9
Hexes          | 2 3 5 |  5.0
Invocations    | 3 5 |  5.2
Stealth        | |  1.7

Action                   |  1- 3 |  4- 6 |  7- 9 | 10-12 || total
-------------------------+-------+-------+-------+-------++-------
Melee: Whip              |    62 |    90 |       |       ||   152
       Unarmed           |     5 |   136 |   350 |   313 ||   804
       Tailslap          |    12 |    33 |    55 |    50 ||   150
       Punch             |     1 |     6 |    25 |    27 ||    59
 Cast: Confusing Touch   |       |       |       |    16 ||    16
       Scorch            |       |       |       |    97 ||    97
       Flame Wave        |       |       |       |    24 ||    24
 Abil: Breathe Lightning |       |       |    14 |     5 ||    19
  Use: Scroll            |     1 |     7 |     9 |     6 ||    23
       Potion            |       |       |     3 |     1 ||     4
 Stab: Sleeping          |     5 |     2 |     5 |     2 ||    14
       Distracted        |       |     1 |       |       ||     1
       Confused          |       |       |       |    21 ||    21
Armor: Skin              |    25 |    66 |   102 |   102 ||   295
Dodge: Dodged            |    30 |    91 |   176 |   237 ||   534
Block: Other             |     9 |    38 |    59 |    98 ||   204
       Reflection        |     2 |     1 |     1 |       ||     4
